 Dungeon Crawl Stone Soup version 0.17-a0-1667-g4ca74a1 (webtiles) character file.

216 Malak the Caller (level 5, -3/28 HPs)
             Began as a Deep Elf Summoner on Aug 18, 2015.
             Killed by divine providence
             ... invoked by an orc priest
              (10 damage)
             ... on level 4 of the Dungeon.
             The game lasted 00:27:07 (2714 turns).

Malak the Caller (Deep Elf Summoner)                Turns: 2714, Time: 00:27:07

Health: -3/28      AC:  7    Str:  5    XL:     5   Next: 61%
Magic:  14/14      EV: 13    Int: 21    God:
Gold:   184        SH:  0    Dex: 15    Spells: 4 memorised, 4 levels left

rFire  . . .     SeeInvis .     v - +4 quarterstaff (chaos)
rCold  . . .     Clarity  .     r - +0 robe (curse)
rNeg   . . .     SustAt   .     (no shield)
rPois  +         Gourm    .     (no helmet)
rElec  .         Spirit   .     w - +1 cloak
rCorr  .         Warding  .     (no gloves)
rMut   .         Stasis   .     u - +2 pair of boots
MR     .....                    x - amulet of rage
Stlth  +.........               n - ring of poison resistance
                                g - ring of loudness (curse)

@: not resistant to hostile enchantments, very unstealthy
A: no striking features
a: Evoke Berserk Rage


You were on level 4 of the Dungeon.
You were not hungry.

You visited 1 branch of the dungeon, and saw 4 of its levels.

You collected 184 gold pieces.

Inventory:

Hand weapons
 d - a +1 hand axe
 m - a +0 short sword
 v - a +4 quarterstaff of chaos (weapon)
Missiles
 j - 13 tomahawks (quivered)
Armour
 a - a +1 robe
 r - a cursed +0 robe (worn)
 u - a +2 pair of boots (worn)
 w - a +1 cloak (worn)
Jewellery
 g - a cursed ring of loudness (left hand)
 n - a ring of poison resistance (right hand)
 x - an amulet of rage (around neck)
Magical devices
 p - a wand of slowing (25)
Scrolls
 h - a scroll of recharging
 o - a scroll of identify
Potions
 e - 2 potions of haste
 f - a potion of cancellation
 k - a potion of degeneration {unknown}
 q - a potion of brilliance {unknown}
 t - a potion of poison {unknown}
Books
 b - a book of Callings

   Spells                             Type                      Level
   a - Summon Small Mammal            Summoning                    1
   b - Call Imp                       Summoning                    2
   c - Call Canine Familiar           Summoning                    3
   d - Summon Guardian Golem          Hexes/Summoning              3
   e - Summon Lightning Spire         Summoning/Air                4
   f - Summon Ice Beast               Ice/Summoning                4
Comestibles
 c - 5 bread rations
 l - a fruit


   Skills:
 + Level 3.2 Dodging
 + Level 2.5 Stealth
 + Level 5.3 Spellcasting
 + Level 6.3 Summonings


You had 4 spell levels left.
You knew the following spells:

 Your Spells              Type           Power        Failure   Level  Hunger
a - Summon Small Mammal   Summ           ####         1%          1    None
b - Call Imp              Summ           ####....     1%          2    None
c - Call Canine Familiar  Summ           ####....     2%          3    ##.....
d - Summon Lightning Spi  Summ/Air       ###.....     34%         4    ####...


Dungeon Overview and Level Annotations

Branches:
Dungeon (4/15)
 Temple: D:4-7

Altars:
Cheibriados
Dithmenos
Qazlal


Message History

Gang up on whom?
Press: ? - help, Dir - move target cursor, f/p - orc
Aim: an orc, wearing a leather armour (severely wounded) Attack!
The orc closely misses your crimson imp.
Your crimson imp hits the orc.
The orc dies!
A giant newt comes into view.
Something closely misses your crimson imp.
Your crimson imp barely misses the orc priest.
Your crimson imp hits the giant newt.
There is a shadowy altar of Dithmenos here.
Something misses your crimson imp. The giant newt misses your crimson imp.
Your crimson imp hits the giant newt.
Something hits your crimson imp. Something hits your crimson imp.
Your crimson imp dies!
You swap places.
The orc priest invokes the aid of Beogh against you.
Something smites you!
You die...

#.####o####o.###### #
#...o...#...5o..#####
#.#.......#..####.##)..
##.#.......#..## #.##...
#......l.......###.##...
...#.......#.......##...
##.#.......#............
. #...h...#..>.........
# ####@####.........#.#
#...............#...#.#
####.#.##..#..(.....#5#
#...##..#.##.#...#.#
#.####..#...........
...###.5#....#...#.#
........#.####...#..
.......5#.# #...#..
........#.# #.....<


You could see an orc priest, a giant newt and a friendly hound.

Vanquished Creatures
  6 bats
  A giant cockroach (D:1)
  A goblin (D:2)
  2 hobgoblins
  A kobold (D:2)
  A jackal skeleton (D:4)
  A rat (D:1)
13 creatures vanquished.

Vanquished Creatures (collateral kills)
  The ghost of Bubnilka the Covered, an average GrFi (D:3)
  Crazy Yiuf (D:3)
  A hound (D:4)
  6 adders
  6 gnolls (D:3)
  An ooze (D:3)
  A worm (D:3)
  12 orcs
  4 bats
  6 giant cockroaches
  4 hobgoblins
  6 jackals
  9 kobolds
  2 quokkas (D:3)
  8 giant newts
  11 goblins
  2 rats
81 creatures vanquished.

Grand Total: 94 creatures vanquished

Notes
Turn   | Place    | Note
--------------------------------------------------------------
     0 | D:1      | Malak the Deep Elf Summoner began the quest for the Orb.
     0 | D:1      | Reached XP level 1. HP: 10/10 MP: 6/6
   213 | D:1      | Reached XP level 2. HP: 7/15 MP: 6/8
   217 | D:1      | Learned a level 2 spell: Call Imp
   810 | D:2      | Reached skill level 5 in Summonings
  1021 | D:2      | Reached XP level 3. HP: 17/19 MP: 2/10
  1066 | D:2      | Learned a level 3 spell: Call Canine Familiar
  1493 | D:3      | Reached XP level 4. HP: 12/24 MP: 8/12
  1513 | D:3      | Found a snail-covered altar of Cheibriados.
  1694 | D:3      | Learned a level 4 spell: Summon Lightning Spire
  1853 | D:3      | Noticed Bubnilka's ghost (average GrFi)
  1949 | D:3      | Killed Bubnilka's ghost
  1949 | D:3      | Reached skill level 5 in Spellcasting
  1949 | D:3      | Reached XP level 5. HP: 28/28 MP: 1/14
  2145 | D:3      | Found a stormy altar of Qazlal.
  2163 | D:3      | Reached skill level 6 in Summonings
  2429 | D:3      | Noticed Crazy Yiuf
  2451 | D:3      | Killed Crazy Yiuf
  2651 | D:4      | HP: 1/28 [orc priest/divine providence (12)]
  2698 | D:4      | Found a shadowy altar of Dithmenos.
  2714 | D:4      | Killed from afar by an orc priest

Vault maps used:
D:1:      lightli_arrival_boilingwater, serial_curves, eino_curves_02,
          eino_curves_03
D:3:      cheibriados_altar_wand_db, nicolae_qazlal_general_emergency,
          uniq_crazy_yiuf_cottage
D:4:      corexii_shack_village, kennysheep_mini_moat,
          nicolae_overflow_crystal_walls, first_bread

Action                   |  1- 3 |  4- 6 || total
-------------------------+-------+-------++-------
Melee: Hand axe          |    48 |     6 ||    54
       Quarterstaff      |       |     1 ||     1
 Cast: Summon Small Mamm |    12 |     1 ||    13
       Call Imp          |    24 |    25 ||    49
       Call Canine Famil |     4 |    14 ||    18
  Use: Scroll            |     5 |     4 ||     9
       Potion            |       |     1 ||     1
  Eat: Chunk             |     3 |     4 ||     7
       Fruit             |       |     1 ||     1
